 Dungeon Crawl Stone Soup version 0.18.1-6-gd335043 (webtiles) character file.

175189 imganon the Executioner (level 18, 0/163 HPs)
             Began as a Hill Orc Berserker on May 15, 2016.
             Was the Champion of Trog.
             Slain by a shock serpent (3 damage)
             ... on level 1 of the Snake Pit.
             The game lasted 01:02:45 (30351 turns).

imganon the Executioner (Hill Orc Berserker)       Turns: 30351, Time: 01:02:46

Health: 0/163      AC: 25    Str: 31    XL:     18   Next: 9%
Magic:  9/9        EV:  6    Int:  7    God:    Trog [******]
Gold:   1424       SH:  0    Dex: 10    Spells: 0 memorised, 17 levels left

rFire  + . .     SeeInvis +     S - +7 executioner's axe (antimagic)
rCold  + . .     Gourm    .     W - +2 plate armour {rC+}
rNeg   . . .     Faith    .     (shield currently unavailable)
rPois  +         Spirit   .     (no helmet)
rElec  +         Dismiss  .     f - +2 cloak of the Gloaming {rElec rPois SInv}
rCorr  .         Reflect  .     a - +0 pair of gloves {Str+3}
SustAt .         Harm     .     Z - +0 pair of boots {Stlth+}
MR     ++...                    y - amulet of regeneration
Stlth  ..........               e - ring of protection from fire
                                d - ring of protection from magic

@: about to teleport, very slightly contaminated, constricted, drained, very
resistant to hostile enchantments, extremely unstealthy
A: no striking features
a: Berserk, Trog's Hand, Brothers in Arms, Burn Spellbooks, Renounce Religion


You were on level 1 of the Snake Pit.
You worshipped Trog.
Trog was exalted by your worship.
You were not hungry.

You visited 4 branches of the dungeon, and saw 26 of its levels.
You visited 1 bazaar.
You also visited: Ice Cave.

You collected 2569 gold pieces.
You spent 1145 gold pieces at shops.

Inventory:

Hand Weapons
 w - the +2 battleaxe of Optimality {chop, rF++ MR+ Str-2 Int+3}
   (Trog gifted it to you on level 2 of the Orcish Mines)

   It inflicts extra damage upon your enemies.
   It affects your strength (-2).
   It affects your intelligence (+3).
   It greatly protects you from fire.
   It affects your resistance to hostile enchantments.
 S - a +7 antimagic executioner's axe (weapon)
 V - the +4 battleaxe "Fugiov" {chop, +Inv rC+ rN++ Int-4}
   (Trog gifted it to you on level 3 of the Lair of Beasts)

   It inflicts extra damage upon your enemies.
   It affects your intelligence (-4).
   It protects you from cold.
   It greatly protects you from negative energy.
   It lets you turn invisible.
Armour
 a - a +0 pair of gloves of strength (worn)
 f - the +2 cloak of the Gloaming (worn) {rElec rPois SInv}
   (You bought it in a shop on level 2 of the Orcish Mines)

   It insulates you from electricity.
   It protects you from poison.
   It lets you see invisible.
 W - a +2 plate armour of cold resistance (worn)
 Z - a +0 pair of boots of stealth (worn)
Rods
 L - a +2 rod of shadows (10/10)
   (You found it on level 1 of the Orcish Mines)
Jewellery
 d - a ring of protection from magic (left hand)
 e - a ring of protection from fire (right hand)
 k - an uncursed ring of flight
 y - an amulet of regeneration (around neck)
 G - a +4 ring of strength {unknown}
 O - an uncursed ring of protection from cold
 Q - an uncursed ring of resist corrosion
Wands
 i - a wand of slowing (26/48)
 l - a wand of paralysis (13/24)
 m - a wand of acid (7/15)
 r - a wand of hasting (7/9)
 s - a wand of flame (10/48)
 x - a wand of lightning (7/15)
 F - a wand of paralysis (13/24)
 J - a wand of iceblast (5/15)
 K - a wand of slowing (20/48)
 R - a wand of disintegration (17/24)
 T - a wand of random effects (27/48)
 X - a wand of polymorph (9/24)
Scrolls
 j - 17 scrolls of remove curse
 o - 5 scrolls of recharging
 q - 5 scrolls of enchant armour
 t - a scroll of blinking
 u - 10 scrolls of identify
 A - 2 scrolls of teleportation
 D - 3 scrolls of magic mapping
 E - 4 scrolls of fog
 M - a scroll of summoning
 N - 5 scrolls of fear
Potions
 g - 4 potions of flight
 p - 9 potions of agility
 v - 6 potions of curing
 B - 2 potions of haste
 C - 2 potions of invisibility
 H - a potion of cure mutation
 P - 3 potions of brilliance
 U - a potion of resistance
 Y - 4 potions of might
Comestibles
 c - 8 bread rations
 h - 7 meat rations
 n - 5 beef jerkies
 z - 9 royal jellies
 I - 5 fruits


   Skills:
 - Level 15.0(14.8) Fighting
 + Level 23.1(22.8) Axes
 - Level 15.2(15.0) Armour
 - Level 1.5(1.4) Dodging
 + Level 14.8(14.6) Evocations


You had 17 spell levels left.
You didn't know any spells.

Dungeon Overview and Level Annotations

Branches:
Dungeon (15/15)            Temple (0/1) D:6            Lair (8/8) D:11
 Shoals (0/4) Lair:4        Snake (1/4) Lair:3        Slime (0/6) Lair:6
    Orc (2/2) D:10            Elf (0/3) Orc:2        Vaults (0/5) D:14
 Depths (0/5) D:15

Altars:
Cheibriados
Elyvilon
Kikubaaqudgha
Okawaru
Pakellas
Ru
Trog
Vehumet
Xom
The Shining One
Beogh
Jiyva

Shops:
D:6 ?   D:10 *?   D:11 (*   Orc:2 [%[[!

Annotations:
D:2 Natasha
Snake:1 Frances


Message History

The naga mage gestures wildly while chanting.
The naga mage seems to speed up.
Read which item? (? for menu, Esc to quit)
As you read the scroll of teleportation, it crumbles to dust.
You feel strangely unstable.
A guardian serpent comes into view.
Drink which item? (? for menu, Esc to quit)
You feel better.
The guardian serpent shouts!
The shock serpent bites you but does no damage.
The anaconda grabs you.
The anaconda bites you but does no damage.
The anaconda constricts you.
The guardian serpent moves out of view.
The soul eater draws from the surrounding life force!
* * * LOW HITPOINT WARNING * * *
Frances mutters in a terrible tongue.
The shock serpent bites you!
* * * LOW HITPOINT WARNING * * *
The shock serpent shocks you. You resist.
You die...

#.... #...
.... #.N ...
#.# #.# #S#
#@# #S# #.#
#.# #@#######
# #N...S...
#.###.#3#####
#......33...#
####..)†....#


You could see Frances, an anaconda, 2 soul eaters, a shock serpent, a naga mage,
a smoke demon and a naga.

Vanquished Creatures
  Rupert (Lair:5)
  Kirke (D:14)
  A frost giant (IceCv)
  An orc warlord (Orc:1)
  Maud (D:10)
  A rakshasa (D:15)
  Harold (Lair:2)
  A catoblepas (Lair:5)
  2 ogre magi
  Erolcha (D:8)
  18 hydras
  A death knight (D:13)
  7 centaur warriors
  Erica (D:8)
  The ghost of ThereIsNoGod the Unseen, a journeyman OpAs of Nemelex Xobeh (D:9)
  2 tengu warriors
  8 death yaks
  3 orc high priests
  2 shock serpents (Snake:1)
  Sonja (Lair:2)
  Nergalle (Lair:2)
  4 skeletal warriors (D:13)
  A phantasmal warrior (D:13)
  7 hill giants
  Pikel (D:6)
  10 ugly things
  5 griffons
  3 orc sorcerers (Orc:1)
  An elephant (shapeshifter) (D:15)
  5 orc knights
  5 manticores
  3 cyclopes
  19 elephants
  An ice statue (IceCv)
  10 black mambas
  3 gargoyles
  A naga mage (Snake:1)
  Joseph (Lair:1)
  24 spiny frogs
  3 centaur skeletons
  3 rime drakes
  14 komodo dragons
  A freezing wraith (D:13)
  A tengu conjurer (D:15)
  13 polar bears (IceCv)
  A queen bee (D:11)
  9 trolls
  Grinder (D:3)
  6 two-headed ogres
  24 blink frogs
  A hornet zombie (D:15)
  12 slime creatures
  2 wraiths (D:13)
  5 wyverns
  Eustachio (D:4)
  58 yaks
  6 basilisks
  A fire bat (shapeshifter) (D:13)
  25 hippogriffs
  3 steam dragons
  7 hogs (D:14)
  15 vampire mosquitoes
  A hungry ghost (D:13)
  Menkaure (D:4)
  2 wargs (Orc:1)
  5 swamp worms (Lair:6)
  A naga (Snake:1)
  2 hell hounds (Lair:7)
  19 water moccasins
  54 orc warriors
  12 porcupines
  A sky beast (D:14)
  3 slaves (D:6)
  2 wasps
  4 ice beasts
  2 black bears (D:10)
  An eye of draining (D:12)
  2 phantoms
  4 boggarts (D:15)
  34 centaurs
  18 crocodiles
  19 ogres
  39 wolves
  6 big kobolds
  42 giant frogs
  A wyvern zombie (D:9)
  4 scorpions
  2 wyvern skeletons
  20 killer bees
  3 jellies
  4 electric eels
  8 wights
  4 howler monkeys
  9 crimson imps
  5 hounds
  5 centaur zombies
  17 orc priests
  31 orc wizards
  Ijyb (D:3)
  4 giant frog skeletons
  13 worker ants
  Natasha (twice) (D:2)
  5 iguanas
  10 sheep
  3 hound skeletons
  A worker ant zombie (D:5)
  17 gnolls
  20 adders
  61 river rats
  A shadow imp (D:12)
  12 white imps (D:12)
  3 oozes
  An adder skeleton (D:6)
  3 adder zombies
  17 worms
  3 dart slugs
  5 giant geckos
  84 orcs
  6 giant cockroaches
  9 goblins
  6 hobgoblins
  6 jackals
  4 quokkas
  6 ball pythons
  A bat (D:1)
  A giant gecko zombie (D:5)
  4 giant newts
  A jackal skeleton (D:4)
  39 kobolds
  8 rats
  6 fungi
  14 plants
1136 creatures vanquished.

Vanquished Creatures (collateral kills)
  A death yak (IceCv)
  3 polar bears (IceCv)
4 creatures vanquished.

Vanquished Creatures (others)
  A yak (D:11)
  A slave (D:6)
  A centaur (D:6)
  A giant frog skeleton (D:6)
  A giant cockroach (D:6)
  A kobold (D:13)
  26 fungi
  21 plants
  4 toadstools (D:1)
57 creatures vanquished.

Grand Total: 1197 creatures vanquished

Notes
Turn   | Place    | Note
--------------------------------------------------------------
     0 | D:1      | imganon the Hill Orc Berserker began the quest for the Orb.
     0 | D:1      | Reached XP level 1. HP: 19/19 MP: 1/1
   175 | D:1      | Reached XP level 2. HP: 26/26 MP: 2/2
   245 | D:1      | Reached skill level 5 in Axes
   333 | D:1      | Reached ** piety under Trog
   522 | D:1      | Reached XP level 3. HP: 28/31 MP: 3/3
   676 | D:2      | Reached skill level 6 in Axes
   677 | D:2      | Reached XP level 4. HP: 22/39 MP: 4/4
   882 | D:2      | Found a faded altar to an unknown god.
  1132 | D:2      | Reached skill level 7 in Axes
  1283 | D:2      | Noticed Natasha
  1291 | D:2      | Killed Natasha
  1291 | D:2      | Reached XP level 5. HP: 31/45 MP: 5/5
  1314 | D:2      | Noticed Natasha
  1323 | D:2      | Killed Natasha
  1341 | D:2      | Noticed Natasha
  1737 | D:3      | Reached skill level 8 in Axes
  1954 | D:3      | Reached *** piety under Trog
  2203 | D:3      | Found a glowing golden altar of the Shining One.
  2340 | D:3      | Noticed Ijyb
  2365 | D:3      | Killed Ijyb
  2365 | D:3      | Reached XP level 6. HP: 41/51 MP: 6/6
  2447 | D:3      | Noticed Grinder
  2470 | D:3      | Reached skill level 9 in Axes
  2472 | D:3      | Killed Grinder
  2472 | D:3      | Reached skill level 10 in Axes
  2472 | D:3      | Reached XP level 7. HP: 12/57 MP: 7/7
  3216 | D:4      | Noticed Menkaure
  3224 | D:4      | Killed Menkaure
  3224 | D:4      | Reached skill level 11 in Axes
  3425 | D:4      | Noticed Eustachio
  3463 | D:4      | Killed Eustachio
  3463 | D:4      | Reached **** piety under Trog
  3463 | D:4      | Reached XP level 8. HP: 41/64 MP: 8/8
  3552 | D:4      | Found an iron altar of Okawaru.
  3575 | D:4      | Reached skill level 12 in Axes
  3602 | D:4      | Received a gift from Trog
  4161 | D:5      | Entered Level 5 of the Dungeon
  4209 | D:5      | Reached skill level 13 in Axes
  4269 | D:5      | Found a snail-covered altar of Cheibriados.
  4616 | D:6      | Noticed Pikel
  4621 | D:6      | Reached skill level 14 in Axes
  4636 | D:6      | Killed Pikel
  4636 | D:6      | Reached skill level 15 in Axes
  4636 | D:6      | Reached XP level 9. HP: 70/70 MP: 9/9
  4690 | D:6      | Found Nyj Zics's Magic Scroll Shop.
  4808 | D:6      | Bought a scroll of amnesia for 45 gold pieces
  4808 | D:6      | Bought 2 scrolls of fog for 52 gold pieces
  4808 | D:6      | Bought 2 scrolls of random uselessness for 26 gold pieces
  4808 | D:6      | Bought a scroll of vulnerability for 97 gold pieces
  4808 | D:6      | Bought a scroll of remove curse for 39 gold pieces
  4808 | D:6      | Bought a scroll of noise for 13 gold pieces
  4824 | D:6      | Found a sacrificial altar of Ru.
  5118 | D:6      | Noticed a manticore
  5126 | D:6      | Killed a manticore
  5126 | D:6      | Reached skill level 5 in Fighting
  5299 | D:6      | Received a gift from Trog
  5338 | D:6      | Reached skill level 5 in Armour
  5570 | D:6      | Found a staircase to the Ecumenical Temple.
  5770 | D:7      | Found an oddly glowing altar of Pakellas.
  5772 | D:7      | Found an ancient bone altar of Kikubaaqudgha.
  5848 | D:7      | Found a white marble altar of Elyvilon.
  6015 | D:7      | Found a bloodstained altar of Trog.
  6541 | D:7      | Reached XP level 10. HP: 82/84 MP: 10/10
  6917 | D:8      | Reached ***** piety under Trog
  6924 | D:8      | Noticed Erolcha
  6937 | D:8      | Killed Erolcha
  7199 | D:8      | Found a radiant altar of Vehumet.
  7979 | D:8      | Noticed Erica
  7988 | D:8      | Killed Erica
  8758 | D:9      | Found a shimmering altar of Xom.
  8940 | D:9      | Received a gift from Trog
  9031 | D:9      | Reached XP level 11. HP: 71/99 MP: 11/11
  9044 | D:9      | Noticed ThereIsNoGod's ghost (journeyman OpAs)
  9051 | D:9      | Killed ThereIsNoGod's ghost
  9051 | D:9      | Reached skill level 16 in Axes
  9183 | D:9      | Found a shimmering altar of Xom.
  9399 | D:9      | Reached skill level 10 in Fighting
  9640 | D:10     | Entered Level 10 of the Dungeon
  9715 | D:10     | Found Hiuc's Magic Scroll Shoppe.
  9718 | D:10     | Bought a scroll of blinking for 112 gold pieces
  9718 | D:10     | Bought a scroll of identify for 30 gold pieces
  9718 | D:10     | Bought a scroll of teleportation for 45 gold pieces
  9718 | D:10     | Bought a scroll of fear for 52 gold pieces
  9873 | D:10     | Noticed Maud
  9879 | D:10     | Killed Maud
 10174 | D:10     | Reached skill level 10 in Armour
 10189 | D:10     | Found Xigoene's General Store.
 10276 | D:10     | Found a staircase to the Orcish Mines.
 10284 | D:10     | Noticed a hill giant
 10293 | D:10     | Killed a hill giant
 10495 | D:11     | Found a staircase to the Lair.
 11353 | D:11     | Received a gift from Trog
 11366 | D:11     | Found a flickering gateway to a bazaar.
 11378 | Bazaar   | Entered a bazaar
 11378 | Bazaar   | Found Loirilit's Distillery.
 11385 | Bazaar   | Found Wisypocre's Jewellery Boutique.
 11387 | Bazaar   | Found Mevotsed's General Store.
 11404 | Bazaar   | Found Epir's Antique Weapon Emporium.
 11420 | Bazaar   | Found Hadwocuh's Antique Armour Shop.
 11428 | Bazaar   | Bought a pair of runed gloves for 90 gold pieces
 11600 | D:11     | Found Cyhupysasm's Assorted Antiques.
 11691 | D:11     | Found an oddly glowing altar of Pakellas.
 11691 | D:11     | Noticed an orange crystal statue
 11794 | D:11     | Reached XP level 12. HP: 58/112 MP: 12/12
 12072 | D:11     | Found Apri Kim's Antique Weapon Shoppe.
 12089 | D:12     | Found a frozen archway.
 12108 | IceCv    | Entered an ice cave
 12864 | IceCv    | Received a gift from Trog
 12869 | IceCv    | Got an ichor-stained triple sword {god gift}
 12870 | IceCv    | Identified the +4 triple sword "Jaskul" {slice, +Inv Dex+4} (Trog gifted it to you in an ice cave)
 12889 | IceCv    | Noticed a death yak
 12905 | IceCv    | Killed a death yak
 13236 | IceCv    | Noticed a death yak
 13259 | IceCv    | Killed a death yak
 13455 | IceCv    | Noticed a frost giant
 13455 | IceCv    | Noticed a death yak
 13455 | IceCv    | Noticed a death yak
 13471 | IceCv    | Killed a frost giant
 13478 | IceCv    | Killed a death yak
 13478 | IceCv    | Reached XP level 13. HP: 86/124 MP: 13/13
 14316 | D:12     | Got a faintly glowing marble ring
 14318 | D:12     | Identified the ring of the Unkillable {*Corrode +Inv MP+9 Dex+3 Stlth-} (You found it on level 12 of the Dungeon)
 14866 | D:12     | Reached skill level 15 in Fighting
 15090 | Lair:1   | Entered Level 1 of the Lair of Beasts
 15460 | Lair:1   | Received a gift from Trog
 16024 | Lair:1   | Noticed Joseph
 16034 | Lair:1   | Killed Joseph
 16401 | Lair:2   | Reached skill level 15 in Armour
 16733 | Lair:2   | Noticed Harold
 16743 | Lair:2   | Killed Harold
 16743 | Lair:2   | Reached skill level 1 in Evocations
 16744 | Lair:2   | Noticed Sonja
 17955 | Lair:3   | Found a staircase to the Snake Pit.
 17964 | Lair:3   | Reached XP level 14. HP: 121/135 MP: 15/17
 17999 | Lair:3   | Received a gift from Trog
 18067 | Lair:3   | Got a fine battleaxe {god gift}
 18068 | Lair:3   | Identified the +4 battleaxe "Fugiov" {chop, +Inv rC+ rN++ Int-4} (Trog gifted it to you on level 3 of the Lair of Beasts)
 18571 | Lair:3   | Reached skill level 17 in Axes
 18788 | Lair:3   | Reached skill level 5 in Evocations
 19037 | Lair:4   | Found a staircase to the Shoals.
 19943 | Lair:5   | Reached ****** piety under Trog
 20163 | Lair:5   | Received a gift from Trog
 20169 | Lair:5   | Got a smoking battleaxe {god gift}
 20170 | Lair:5   | Identified the +8 battleaxe of Insufficient Pleasure {drain, Dex+3} (Trog gifted it to you on level 5 of the Lair of Beasts)
 20201 | Lair:5   | Noticed Rupert
 20212 | Lair:5   | Killed Rupert
 20212 | Lair:5   | Reached skill level 18 in Axes
 21446 | Lair:6   | Received a gift from Trog
 22354 | Lair:6   | Found a staircase to the Slime Pits.
 22355 | Lair:6   | Found a viscous altar of Jiyva.
 22737 | Lair:6   | Reached XP level 15. HP: 141/141 MP: 21/21
 22888 | Lair:7   | Reached skill level 19 in Axes
 23057 | Lair:7   | Reached skill level 10 in Evocations
 23061 | Lair:7   | Received a gift from Trog
 23512 | Lair:7   | Reached skill level 20 in Axes
 23512 | Lair:7   | Reached XP level 16. HP: 149/149 MP: 22/24
 24159 | Lair:8   | Entered Level 8 of the Lair of Beasts
 24441 | Lair:8   | Received a gift from Trog
 24890 | Lair:8   | Reached skill level 21 in Axes
 25219 | Lair:2   | Noticed Nergalle
 25305 | Orc:1    | Entered Level 1 of the Orcish Mines
 25639 | Orc:1    | Reached XP level 17. HP: 148/156 MP: 8/26
 25644 | Orc:1    | Received a gift from Trog
 25959 | Orc:1    | Found a roughly hewn altar of Beogh.
 26311 | Orc:1    | Found a roughly hewn altar of Beogh.
 26499 | Orc:2    | Entered Level 2 of the Orcish Mines
 26499 | Orc:2    | Found a staircase to the Elven Halls.
 26499 | Orc:2    | Found Cakhlafim's Distillery.
 26717 | Orc:2    | Received a gift from Trog
 26848 | Orc:2    | Got a crystal battleaxe {god gift}
 26849 | Orc:2    | Identified the +2 battleaxe of Optimality {chop, rF++ MR+ Str-2 Int+3} (Trog gifted it to you on level 2 of the Orcish Mines)
 27084 | Orc:2    | Found Tieguadupt's Food Boutique.
 27084 | Orc:2    | Found Humnis's Antique Armour Emporium.
 27088 | Orc:2    | Found Nuax's Armour Shoppe.
 27090 | Orc:2    | Found Datadgh's Armour Shop.
 27136 | Orc:2    | Bought a pair of embroidered boots for 139 gold pieces
 27202 | Orc:2    | Bought the +2 cloak of the Gloaming {rElec rPois SInv} for 405 gold pieces
 27498 | D:12     | Identified a +2 rod of shadows (10/10) (You found it on level 1 of the Orcish Mines)
 27912 | D:13     | Reached skill level 22 in Axes
 28159 | D:13     | Received a gift from Trog
 28229 | D:14     | Noticed Kirke
 28246 | D:14     | Killed Kirke
 28253 | D:14     | Found a white marble altar of Elyvilon.
 28685 | D:14     | Found a gate to the Vaults.
 29140 | D:15     | Entered Level 15 of the Dungeon
 29240 | D:15     | Received a gift from Trog
 29544 | D:15     | Reached XP level 18. HP: 163/163 MP: 9/29
 29594 | D:15     | Found a staircase to the Depths.
 29658 | D:15     | Reached skill level 23 in Axes
 29965 | Lair:2   | Killed Sonja
 29969 | Lair:2   | Killed Nergalle
 30301 | Lair:3   | Received a gift from Trog
 30331 | Snake:1  | Entered Level 1 of the Snake Pit
 30340 | Snake:1  | Noticed Frances
 30351 | Snake:1  | HP: 3/163 [shock serpent (13)]
 30351 | Snake:1  | Slain by a shock serpent

Skill      XL: |  1  2  3  4  5  6  7  8  9 10 11 12 13 14 15 16 17 18 |
---------------+-------------------------------------------------------+-----
Axes           | 5 6 7 8 10 11 15 16 18 20 21 22 23 | 23.1
Fighting       | 6 9 11 14 15 | 15.0
Armour         | 5 8 11 13 15 | 15.2
Evocations     | 4 9 11 12 14 | 14.8
Dodging        | |  1.5

Action                   |  1- 3 |  4- 6 |  7- 9 | 10-12 | 13-15 | 16-18 || total
-------------------------+-------+-------+-------+-------+-------+-------++-------
Melee: Hand axe          |    72 |   216 |    30 |       |       |       ||   318
       War axe           |       |       |   322 |   242 |       |       ||   564
       Battleaxe         |       |       |       |   393 |   833 |    83 ||  1309
       Executioner's axe |       |       |       |       |       |   932 ||   932
Invok: Berserk           |     1 |     3 |     7 |    11 |    15 |     9 ||    46
       Burn Spellbooks   |       |       |       |     1 |     1 |     3 ||     5
       Brothers in Arms  |       |       |       |     1 |     1 |       ||     2
       Trog's Hand       |       |       |       |       |     3 |     1 ||     4
Evoke: Wand              |       |       |       |     2 |       |     1 ||     3
  Use: Scroll            |       |       |       |    13 |     5 |     8 ||    26
       Potion            |       |       |       |     4 |    13 |     1 ||    18
 Stab: Invisible         |       |       |       |       |     1 |       ||     1
  Eat: Chunk             |       |     8 |    19 |    24 |    28 |    29 ||   108
       Pizza             |       |       |     1 |       |     3 |       ||     4
       Bread ration      |       |       |       |     2 |     4 |     1 ||     7
       Beef jerky        |       |       |       |     1 |       |       ||     1
       Fruit             |       |       |       |       |       |     2 ||     2
Armor: Ring mail         |    21 |    24 |       |       |       |       ||    45
       Scale mail        |       |    33 |   110 |   119 |       |       ||   262
       Plate armour      |       |       |       |   245 |   666 |   667 ||  1578
Dodge: Dodged            |    38 |    98 |   145 |   305 |   422 |   436 ||  1444
